Map: Mech Depot LE

Players

Varondus - Winner!

  • Race: Protoss Protoss
  • Spawn Location: 1:00

A.I. 1 (Harder)

  • Race: Zerg Zerg
  • Spawn Location: 7:00

VOD

Have the link to the VOD?

Description

Time

  • Played on: Aug. 17, 2017, 6:36 a.m.
  • Length: 14:42
Show
View Real Time Build Order
Export as new Build Order

Varondus Protoss - Winner!

Build Orders:  

Get SALT Encoding   

  12  0:02  Probe (Chrono Boost)  
  13  0:13  Probe (Chrono Boost)  
  14  0:20  Pylon  
  14  0:24  Probe (Chrono Boost)  
  15  0:30  Assimilator  
  15  0:38  Probe (Chrono Boost)  
  15  0:42  Pylon  
  16  0:51  Gateway  
  16  0:54  Probe (Chrono Boost)  
  17  1:05  Probe (Chrono Boost)  
  17  1:08  Assimilator  
  18  1:19  Probe (Chrono Boost)  
  18  1:23  Gateway  
  19  1:30  Probe (Chrono Boost)  
  20  1:38  Cybernetics Core  
  20  1:40  Probe (Chrono Boost)  
  21  1:51  Probe (Chrono Boost)  
  22  2:08  Nexus  
  22  2:09  Probe (Chrono Boost)  
  23  2:30  Warp Gate (Chrono Boost)  
  23  2:35  Twilight Council  
  23  2:37  Pylon  
  23  2:48  Adept x2  
  29  2:51  Mothership Core  
  28  3:12  Resonating Glaives (Chrono Boost)  
  28  3:17  Stalker, Sentry  
  32  3:24  Probe  
  33  3:27  Probe  
  34  3:35  Probe  
  34  3:39  Probe  
  36  3:44  Pylon  
  36  3:45  Probe  
  36  3:46  Assimilator  
  37  3:51  Probe  
  38  3:58  Probe  
  39  4:03  Probe  
  39  4:05  Adept  
  39  4:06  Adept  
  39  4:08  Probe  
  44  4:11  Gateway  
  45  4:17  Gateway  
  45  4:21  Pylon  
  45  4:23  Probe  
  46  4:24  Probe  
  47  4:34  Probe  
  48  4:48  Blink (Chrono Boost)  
  48  5:01  Stalker  
  48  5:02  Stalker  
  52  5:13  Forge  
  52  5:17  Pylon  
  52  5:20  Stargate  
  52  5:28  Stargate  
  52  5:31  Probe x2  
  54  5:43  Probe x2  
  54  5:46  Adept x4  
  64  5:56  Probe  
  65  6:00  Assimilator  
  65  6:04  Protoss Shields Level 1 (Chrono Boost)  
  65  6:05  Pylon  
  65  6:08  Photon Cannon  
  65  6:09  Photon Cannon, Probe  
  66  6:21  Probe  
  66  6:23  Nexus  
  66  6:24  Phoenix  
  66  6:25  Pylon  
  53  6:39  Sentry  
  55  6:40  Adept x2  
  55  6:41  Adept  
  61  6:56  Probe  
  62  7:06  Zealot x3  
  62  7:07  Zealot  
  70  7:08  Probe  
  70  7:10  Charge (Chrono Boost)  
  71  7:20  Probe  
  72  7:26  Protoss Air Weapons Level 1  
  72  7:33  Adept x3  
  72  7:34  Adept  
  80  8:02  Fleet Beacon  
  80  8:08  Probe  
  81  8:13  Probe  
  81  8:15  Probe  
  81  8:18  Probe  
  83  8:23  Adept x2  
  83  8:24  Adept x2  
  83  8:25  Probe  
  93  8:27  Probe  
  93  8:29  Probe  
  93  8:31  Gateway  
  93  8:33  Gateway  
  95  8:37  Gateway  
  95  8:38  Probe  
  95  8:39  Probe x2  
  98  8:44  Pylon  
  98  8:46  Pylon  
  98  8:47  Assimilator  
  98  8:49  Assimilator  
  98  8:50  Probe  
  98  8:51  Probe  
  98  8:54  Protoss Ground Armor Level 1  
  100  8:57  Pylon  
  100  9:00  Tempest  
  100  9:01  Carrier  
  100  9:02  Probe  
  113  9:03  Probe  
  114  9:13  Forge  
  114  9:22  Probe  
  115  9:27  Adept x2  
  115  9:28  Adept x2  
  123  9:36  Graviton Catapult  
  123  9:50  Photon Cannon  
  123  9:51  Photon Cannon  
  123  9:53  Pylon  
  123  9:56  Gateway  
  123  9:57  Gateway  
  123  10:01  Stalker x2  
  123  10:02  Stalker x3  
  133  10:11  Pylon  
  133  10:12  Pylon  
  133  10:17  Pylon x2  
  133  10:19  Pylon  
  133  10:39  Protoss Ground Weapons Level 1 (Chrono Boost)  
  119  11:01  Protoss Ground Armor Level 2 (Chrono Boost)  
  119  11:02  Adept x3  
  119  11:03  Adept x4  
  133  11:18  Carrier  
  133  11:19  Carrier  
  133  11:21  Anion Pulse-Crystals (Chrono Boost)  
  145  11:26  Sentry x2  
  145  11:27  Sentry  
  145  11:28  Stalker x2  
  145  11:29  Stalker x3  
  161  11:49  Mothership Core  
  163  12:03  Zealot x3  
  163  12:04  Zealot x3  
  163  12:05  Zealot x3  
  181  12:26  Pylon  
  181  12:27  Pylon  
  181  12:29  Photon Cannon  
  181  12:31  Photon Cannon  
  181  12:33  Photon Cannon  
  181  12:34  Photon Cannon  
  181  12:37  Photon Cannon  
  181  12:39  Gateway  
  181  12:54  Templar Archives  
Show
View Real Time Build Order
Export as new Build Order

A.I. 1 (Harder) Zerg 

Build Orders: Pool First, Zergling Baneling 

Get SALT Encoding   

  12  0:01  Drone  
  13  0:12  Overlord  
  13  0:17  Drone  
  14  0:30  Drone x2  
  16  0:42  Spawning Pool  
  15  0:45  Drone  
  15  0:49  Drone  
  17  0:52  Extractor  
  17  0:55  Drone  
  17  1:06  Overlord  
  17  1:29  Queen  
  17  1:31  Zergling x2  
  20  1:34  Zergling x2  
  20  1:35  Roach Warren  
  20  1:38  Drone  
  21  1:41  Extractor  
  20  1:49  Drone  
  20  1:52  Baneling Nest  
  20  1:59  Drone  
  21  2:10  Drone  
  22  2:21  Zergling x2  
  23  2:32  Drone  
  23  2:36  Zergling x2, Overlord  
  25  2:39  Zergling x2  
  25  2:42  Baneling x4  
  25  2:43  Zergling x2  
  27  2:54  Drone  
  28  2:58  Baneling  
  28  3:04  Baneling  
  28  3:05  Zergling x2  
  28  3:08  Zergling x2  
  28  3:10  Metabolic Boost  
  28  3:11  Zergling x2, Baneling  
  30  3:15  Zergling x2  
  30  3:18  Zergling x2  
  32  3:27  Overlord  
  32  3:38  Zergling x2  
  33  3:41  Zergling x2  
  33  3:44  Zergling x2  
  33  3:47  Zergling x2  
  36  3:50  Baneling x5  
  36  3:53  Zergling x2  
  37  4:02  Zergling x2  
  38  4:05  Baneling  
  38  4:11  Drone, Zergling x2  
  38  4:14  Overlord  
  40  4:18  Drone  
  41  4:25  Drone  
  42  4:32  Evolution Chamber  
  42  4:35  Drone  
  42  4:43  Drone x3  
  45  5:41  Zerg Melee Weapons Level 1, Overlord, Roach  
  47  5:46  Lair  
  47  5:47  Roach  
  47  5:49  Hatchery  
  48  5:52  Roach  
  48  5:56  Drone  
  44  6:29  Zergling x2  
  37  6:35  Zergling x2  
  38  6:41  Zergling x2  
  38  6:44  Burrow  
  38  6:45  Hydralisk Den  
  38  6:47  Roach  
  38  6:48  Infestation Pit  
  38  6:53  Roach  
  41  6:58  Roach  
  43  7:04  Drone  
  43  7:06  Drone  
  43  7:07  Drone  
  46  7:09  Drone  
  46  7:12  Extractor  
  46  7:14  Hydralisk, Drone  
  49  7:17  Drone  
  49  7:21  Hydralisk  
  49  7:22  Drone x2  
  54  7:25  Drone  
  54  7:29  Drone  
  56  7:33  Drone  
  56  7:35  Zerg Ground Armor Level 1  
  57  7:39  Drone  
  57  7:43  Infestor  
  60  7:50  Drone  
  61  7:53  Hydralisk, Drone, Overlord  
  61  7:54  Drone  
  65  8:02  Hydralisk  
  67  8:10  Drone, Spore Crawler  
  67  8:13  Drone  
  67  8:16  Overlord  
  67  8:19  Overseer  
  68  8:21  Overseer  
  68  8:22  Spore Crawler  
  68  8:23  Drone  
  68  8:24  Infestor  
  68  8:25  Drone  
  68  8:26  Spore Crawler  
  70  8:27  Drone  
  70  8:29  Drone  
  72  8:35  Drone  
  72  8:37  Infestor  
  72  8:38  Spore Crawler  
  74  8:42  Queen  
  74  8:45  Overlord  
  74  8:48  Drone  
  77  8:53  Spine Crawler  
  76  8:56  Drone  
  76  8:58  Spine Crawler  
  76  8:59  Drone  
  77  9:06  Spine Crawler, Drone  
  77  9:13  Spine Crawler  
  77  9:15  Drone  
  77  9:16  Spine Crawler  
  76  9:18  Drone  
  76  9:21  Queen  
  79  9:29  Zerg Missile Weapons Level 1  
  79  9:32  Spire  
  79  9:34  Evolution Chamber, Drone  
  78  9:57  Pneumatized Carapace  
  78  9:58  Hive  
  78  9:59  Overlord  
  78  10:12  Hatchery  
  77  10:19  Overseer  
  77  10:35  Overlord  
  77  10:37  Extractor  
  77  10:40  Overseer  
  72  10:43  Zergling x2  
  72  10:49  Hydralisk  
  48  10:57  Roach  
  48  11:04  Corruptor  
  50  11:09  Viper  
  50  11:11  Infestor, Greater Spire  
  57  11:19  Roach  
  59  11:26  Roach  
  61  11:32  Hydralisk  
  61  11:35  Overseer, Extractor  
  62  11:40  Infestor, Extractor  
  63  11:47  Drone  
  63  11:48  Roach  
  63  11:50  Drone  
  63  11:51  Drone  
  68  11:54  Drone  
  68  11:55  Drone, Roach  
  68  11:58  Drone  
  68  12:00  Drone  
  74  12:02  Drone, Roach  
  74  12:05  Drone  
  74  12:07  Drone  
  79  12:08  Hydralisk  
  79  12:09  Overlord  
  79  12:14  Drone  
  82  12:16  Hydralisk  
  82  12:17  Drone  
  85  12:23  Infestor  
  85  12:26  Overseer  
  85  12:28  Overlord  
  87  12:30  Infestor  
  89  12:37  Infestor  
  91  12:44  Corruptor  
  91  12:45  Brood Lord  
  91  12:47  Drone x4, Overlord  
  91  12:48  Drone x2  
  101  13:00  Zergling x2  
  101  13:04  Viper  
  101  13:05  Drone, Zergling x4, Overlord  
  106  13:06  Drone, Zergling x6  
  111  13:13  Mutalisk  
  111  13:14  Drone  
  111  13:15  Mutalisk, Drone  
  111  13:16  Drone x2  
  111  13:18  Roach  
  106  13:20  Hatchery  
  106  13:22  Drone  
  106  13:24  Drone  
  67  13:39  Drone  
  61  13:42  Corruptor  
  61  13:46  Zergling x2  
  57  13:51  Zergling x2  
  57  13:56  Zergling x2  
  57  13:58  Zergling x2  
  57  14:00  Mutalisk, Zergling x2  
  22  14:24  Drone  
  20  14:37  Hatchery  
Tags
 
Matchup
PvZ
Opening
Pool First
Spawn Locations
Cross Positions
Add a new tag
Caveats
  • Supply blocks, unpowered buildings, or Contaminate may cause inaccurate times.
  • Supply counts are checked every 10 seconds.